 Dungeon Crawl Stone Soup version 0.19-a0-944-gb338e1e (webtiles) character file.

61723 Leszczynek the Basher (level 14, 0/121 HPs)
             Began as a Yellow Draconian Summoner on July 8, 2016.
             Was a High Priest of Okawaru.
             Killed by divine providence
             ... invoked by an orc priest
              (11 damage)
             ... on level 2 of the Orcish Mines on July 9, 2016.
             The game lasted 01:57:57 (35377 turns).

Leszczynek the Basher (Yellow Draconian Summoner)  Turns: 35377, Time: 01:57:57

Health: 0/121      AC: 20    Str: 10    XL:     14   Next: 61%
Magic:  19/19      EV: 19    Int: 18    God:    Okawaru [*****.]
Gold:   1738       SH: 15    Dex: 12    Spells: 4 memorised, 2 levels left

rFire  . . .     SeeInvis .     a - +2 flail (protect)
rCold  + . .     Gourm    .     (armour unavailable)
rNeg   . . .     Faith    .     j - +2 shield
rPois  +         Spirit   .     (helmet restricted)
rElec  +         Dismiss  .     P - +2 cloak {+Inv}
rCorr  +         Reflect  .     U - +0 pair of gloves
SustAt .         Harm     .     c - +2 pair of boots {Stlth+}
MR     ++...                    (no amulet)
Stlth  ++++......               t - ring "Gomiun" {rElec rPois MR+ Dex-3 Stlth-}
                                l - ring of protection from cold

@: heroism, very resistant to hostile enchantments, stealthy
A: spit acid, acid resistance, unfitting armour, acidic bite, cold-blooded, AC
+8
a: Spit Acid, Heroism, Finesse, Renounce Religion, Evoke Invisibility


You were on level 2 of the Orcish Mines.
You worshipped Okawaru.
Okawaru was extremely pleased with you.
You were very hungry.

You visited 4 branches of the dungeon, and saw 24 of its levels.
You also visited: Sewer, Ossuary and Volcano.

You collected 2370 gold pieces.
You spent 632 gold pieces at shops.

Inventory:

Hand Weapons
 a - a +2 flail of protection (weapon)
 V - a +0 morningstar
Missiles
 k - 23 tomahawks (quivered)
Armour
 c - a +2 pair of boots of stealth (worn)
 j - a +2 shield (worn)
 P - a +2 cloak of invisibility (worn)
 U - a +0 pair of gloves (worn)
Jewellery
 l - a ring of protection from cold (left hand)
 o - an uncursed ring of sustain attributes
 t - the ring "Gomiun" (right hand) {rElec rPois MR+ Dex-3 Stlth-}
   (You bought it in a shop on level 1 of the Orcish Mines)

   [ring of loudness]

   It affects your dexterity (-3).
   It insulates you from electricity.
   It protects you from poison.
   It affects your resistance to hostile enchantments.
   It makes you less stealthy.
 y - a +1 ring of slaying
 H - an uncursed ring of fire
 M - an uncursed ring of see invisible
Wands
 m - a wand of lightning (10/15)
 z - a wand of flame (23/48)
 A - a wand of iceblast (4/15)
 B - a wand of flame (30/48)
 K - a wand of flame (26/48)
 L - a wand of iceblast (13/15)
 S - a wand of acid (6/15)
 W - a wand of iceblast (2/15)
Scrolls
 d - 11 scrolls of remove curse
 g - 3 scrolls of recharging
 p - 8 scrolls of enchant weapon
 r - 3 scrolls of fog
 F - 5 scrolls of fear
 R - 2 scrolls of teleportation
Potions
 f - a potion of cure mutation
 n - 5 potions of might
 q - 2 potions of cancellation
 u - 10 potions of flight
 v - 7 potions of curing
 w - a potion of heal wounds
 C - a potion of brilliance
 E - a potion of ambrosia
 G - 2 potions of haste
 J - 3 potions of resistance
 X - a potion of berserk rage
Books
 e - a book of Spatial Translocations

   Spells                             Type                      Level
   a - Apportation                    Translocation                1
   b - Blink                          Translocation                2
   c - Shroud of Golubria             Charms/Translocation         2
   d - Portal Projectile              Translocation                3
   e - Teleport Other                 Translocation                3
   f - Passage of Golubria            Translocation                4
 s - a book of Callings

   Spells                             Type                      Level
   a - Summon Small Mammal            Summoning                    1
   b - Call Imp                       Summoning                    2
   c - Call Canine Familiar           Summoning                    3
   d - Summon Guardian Golem          Hexes/Summoning              3
   e - Summon Lightning Spire         Summoning/Air                4
   f - Summon Ice Beast               Ice/Summoning                4
 D - the Compendium of Boosting Transmigration
   (You found it on level 6 of the Lair of Beasts)

   Spells                             Type                      Level
   a - Infusion                       Charms                       1
   b - Song of Slaying                Charms                       2
   c - Ozocubu's Armour               Charms/Ice                   3
   d - Ice Form                       Ice/Transmutation            4
   e - Petrify                        Transmutation/Earth          4
   f - Deflect Missiles               Charms/Air                   6
 N - a book of Transfigurations

   Spells                             Type                      Level
   a - Irradiate                      Conjuration/Transmutation    5
   b - Statue Form                    Transmutation/Earth          6
   c - Hydra Form                     Transmutation                6
   d - Dragon Form                    Transmutation                7
 O - a book of Necromancy

   Spells                             Type                      Level
   a - Pain                           Necromancy                   1
   b - Animate Skeleton               Necromancy                   1
   c - Vampiric Draining              Necromancy                   3
   d - Regeneration                   Charms/Necromancy            3
   e - Animate Dead                   Necromancy                   4
   f - Control Undead                 Necromancy                   4
Miscellaneous
 x - 2 sacks of spiders
 Q - a box of beasts
Comestibles
 b - 13 chunks of flesh
 h - 11 meat rations
 i - 13 bread rations
 I - 27 fruits


   Skills:
 - Level 10.1(15.1) Fighting
 - Level 14.0(19.0) Maces & Flails
 - Level 7.3(12.3) Dodging
 - Level 4.1(9.1) Stealth
 * Level 12.3(17.3) Shields
 - Level 2.0 Spellcasting
 - Level 8.1 Summonings
 - Level 2.7 Translocations
 - Level 6.0 Ice Magic
 - Level 6.0 Air Magic
 - Level 7.0 Invocations


You had 2 spell levels left.
You knew the following spells:

 Your Spells              Type           Power        Failure   Level  Hunger
a - Summon Ice Beast      Ice/Summ       ####....     12%         4    #####..
b - Passage of Golubria   Tloc           N/A          67%         4    #####..
c - Call Canine Familiar  Summ           ####....     1%          3    ###....
d - Summon Lightning Spi  Summ/Air       ####....     12%         4    #####..


Dungeon Overview and Level Annotations

Branches:
Dungeon (15/15)            Temple (1/1) D:5            Lair (6/6) D:11
 Shoals (0/4) Lair:3       Spider (0/4) Lair:4        Slime (0/5) Lair:5
    Orc (2/2) D:10            Elf (0/3) Orc:2
 Vaults: D:13-14     Depths: D:15

Altars:
Ashenzari
Cheibriados
Dithmenos
Elyvilon
Fedhas
Gozag
Hepliaklqana
Kikubaaqudgha
Makhleb
Nemelex Xobeh
Okawaru
Pakellas
Qazlal
Ru
Sif Muna
Trog
Uskayaw
Vehumet
Xom
Yredelemnul
Zin
The Shining One
Jiyva

Shops:
D:9 *   Orc:1 =   Orc:2 }(

Annotations:
D:1 exclusion: gnoll
D:3 tstbtto's ghost, weakling HEFi
D:8 !nasty, d:12 tier vault, hydra + ugly thing roaming, p0werm0de's ghost, novice OpCK
D:12 roaming!, Erolcha
D:13 Nessos
D:14 retryentry's ghost, journeyman DgFi
Lair:4 exclusions: orb spider and 2 more exclusions
Lair:5 1 runed door


Innate Abilities, Weirdness & Mutations

You can spit globs of acid.
You are resistant to acid.
Your golden yellow scales are hard. (AC +8)
Your body does not fit into most forms of armour.
You have acidic saliva.
You are cold-blooded and may be slowed by cold attacks.


Message History

You kill the orc priest!
Okawaru accepts your kill.
The orc priest miscasts a cantrip.
The orc priest mumbles some strange prayers to Beogh against you.
Beogh smites you!
* * * LOW HITPOINT WARNING * * *
Items here: ))))) [[[[ You block the orc priest's attack.
Things that are here:
a dagger; a mace You hit the orc priest.
The orc priest is lightly wounded.
The orc priest misses you.
You closely miss the orc priest.
The orc priest is lightly wounded.
You sock the orc priest!
The orc priest is severely wounded.
The orc priest mumbles some strange prayers to Beogh against you.
Beogh smites you!
You die...

## #.... ... ##.#
#... ...
#...###..######..#
#.#.##..#∩...#..# #
.....#..#....#..###.#
#.....#....#.......
##.....###'##.......
##.#...@))).))...8...
#......o###)##.......
##......#..).#..###'#
##.#....#....#..#
#...[[..#....#..#
#.......#∩...#..#
##.#)#..######..#
##...##..... ...
#...###.......


You could see an orc priest.

Vanquished Creatures
  Maud (D:10)
  An entropy weaver (Lair:5)
  A dire elephant (Lair:6)
  Josephine (D:10)
  A fire dragon (Lair:1)
  3 hydras
  A centaur warrior (Volcano)
  8 death yaks
  A catoblepas (Lair:6)
  A queen ant (Lair:5)
  A tengu warrior (D:13)
  2 unseen horrors
  Pikel (D:7)
  5 orc knights
  A manticore (D:11)
  A cyclops (D:13)
  4 ugly things
  Maurice (D:9)
  5 elephants (Lair:6)
  A siren (Lair:3)
  4 black mambas
  5 spiny frogs
  3 komodo dragons
  A rime drake (Lair:3)
  A polar bear (shapeshifter) (D:14)
  2 merfolk (Lair:3)
  6 polar bears
  A troll (D:10)
  2 two-headed ogres
  7 blink frogs
  2 wraiths
  32 yaks
  A wyvern (D:11)
  A human (D:7)
  2 basilisks
  A fire bat (Volcano)
  13 hippogriffs
  5 wargs
  2 vampire mosquitoes (D:14)
  Edmund (D:5)
  14 soldier ants
  5 water moccasins
  6 porcupines
  30 orc warriors
  A slave (D:7)
  4 black bears
  2 ice beasts
  5 sky beasts
  6 phantoms
  An eye of draining (D:9)
  5 wolves
  10 ogres
  7 centaurs
  13 crocodiles
  2 elf zombies (D:6)
  6 big kobolds
  14 giant frogs
  An elf skeleton (D:6)
  2 scorpions
  A water moccasin skeleton (D:4)
  20 killer bees
  14 wights
  A howler monkey (D:4)
  2 electric eels (Lair:3)
  6 lava snakes (Volcano)
  7 crimson imps
  2 quasits
  7 hounds
  A jelly (D:6)
  3 centaur zombies
  3 centaur skeletons
  2 giant frog skeletons
  15 orc priests
  Crazy Yiuf (D:7)
  2 human zombies (D:6)
  22 orc wizards
  Jessica (D:2)
  3 human skeletons (D:6)
  33 worker ants
  12 iguanas
  22 sheep
  8 mummies (Ossuary)
  2 worker ant zombies
  8 gnolls
  8 adders
  65 river rats
  2 shadow imps
  2 oozes (D:4)
  2 adder skeletons
  4 worms
  3 dart slugs
  2 giant geckos
  134 orcs
  3 giant cockroaches
  6 goblins
  11 hobgoblins
  4 jackals
  7 quokkas
  9 bats
  A giant gecko skeleton (D:7)
  4 giant newts
  2 gnoll zombies (Ossuary)
  2 jackal skeletons (D:4)
  41 kobolds
  A kobold zombie (Ossuary)
  2 orc skeletons (D:6)
  6 orc zombies
  A quokka skeleton (D:9)
  8 rats
  2 butterflies (Lair:3)
  A fungus (D:7)
798 creatures vanquished.

Vanquished Creatures (collateral kills)
  Fannar (Lair:1)
  3 hydras
  5 death yaks
  A deep troll shaman (Lair:6)
  An orc high priest (Orc:1)
  2 hill giants (D:10)
  An ugly thing (D:11)
  A siren (Lair:3)
  3 elephants (Lair:6)
  Psyche (D:10)
  A rime drake (Lair:3)
  A komodo dragon (Lair:5)
  A two-headed ogre (Orc:2)
  8 yaks
  A hungry ghost (D:9)
  A soldier ant (Lair:5)
  A phantom (D:5)
  A sky beast (D:6)
  A black bear (Lair:3)
  2 ogres
  2 wolves (Lair:3)
  A scorpion (D:4)
  A wight (D:9)
  2 killer bees (D:10)
  A crimson imp (D:11)
  A hound (D:4)
  An orc wizard (D:10)
  3 sheep (Lair:6)
  2 gnolls (D:3)
  6 adders
  An ooze (D:3)
  An adder skeleton (D:4)
  A worm (D:3)
  2 giant geckos (D:1)
  8 orcs
  A bat (D:1)
  2 goblins (D:1)
  2 hobgoblins
  4 kobolds
  2 giant newts
81 creatures vanquished.

Vanquished Creatures (others)
  An oklob plant (Lair:6)
  Duvessa (D:7)
  A crocodile (Lair:6)
  Dowan (D:7)
  13 fungi
  10 plants
27 creatures vanquished.

Grand Total: 906 creatures vanquished

Notes
Turn   | Place    | Note
-------+----------+-------------------------------------------
     0 | D:1      | Leszczynek the Draconian Summoner began the quest for the Orb.
     0 | D:1      | Reached XP level 1. HP: 14/14 MP: 3/3
   103 | D:1      | Reached skill level 2 in Dodging
   174 | D:1      | runed plate on d:1 and i'm a fucking draconian
   174 | D:1      | maaaaaan
   363 | D:1      | Reached XP level 2. HP: 11/22 MP: 3/5
   371 | D:1      | Reached skill level 1 in Fighting
   827 | D:1      | Learned a level 2 spell: Call Imp
  1068 | D:1      | the fuck
  1073 | D:1      | Reached skill level 2 in Fighting
  1252 | D:2      | Reached XP level 3. HP: 28/29 MP: 6/6
  1261 | D:2      | Learned a level 3 spell: Call Canine Familiar
  1442 | D:2      | Noticed Jessica
  1470 | D:2      | Killed Jessica
  1470 | D:2      | Reached skill level 3 in Fighting
  1510 | D:2      | Reached XP level 4. HP: 38/38 MP: 0/7
  2581 | D:3      | Reached skill level 1 in Shields
  2585 | D:3      | Noticed tstbtto's ghost (weakling HEFi)
  2674 | D:3      | Found a glowing drain.
  2696 | D:3      | Reached skill level 2 in Shields
  2719 | D:3      | Reached XP level 5. HP: 45/45 MP: 4/8
  2755 | Sewer    | Entered a sewer
  2877 | Sewer    | Reached skill level 3 in Shields
  3033 | Sewer    | Found a white marble altar of Elyvilon.
  3187 | D:2      | Reached skill level 4 in Shields
  3276 | D:3      | Reached XP level 6. HP: 51/51 MP: 7/9
  3927 | D:3      | Reached skill level 3 in Dodging
  4112 | D:4      | Reached skill level 1 in Maces & Flails
  4280 | D:4      | Reached skill level 2 in Maces & Flails
  4386 | D:4      | Reached skill level 3 in Maces & Flails
  4386 | D:4      | Your scales start taking on a golden yellow colour.
  4386 | D:4      | Reached XP level 7. HP: 36/58 MP: 10/10
  4387 | D:4      | noice
  4586 | D:4      | Reached skill level 4 in Maces & Flails
  4948 | D:4      | Reached skill level 5 in Maces & Flails
  5152 | D:4      | Found a radiant altar of Vehumet.
  5628 | D:5      | Entered Level 5 of the Dungeon
  5704 | D:5      | Reached skill level 6 in Maces & Flails
  6106 | D:5      | Reached XP level 8. HP: 50/66 MP: 3/11
  6259 | D:5      | Reached skill level 7 in Maces & Flails
  6264 | D:5      | Noticed Edmund
  6403 | D:5      | Found a staircase to the Ecumenical Temple.
  6407 | Temple   | Entered the Ecumenical Temple
  6467 | Temple   | Became a worshipper of Warmaster Okawaru
  7027 | D:6      | Reached skill level 8 in Maces & Flails
  7400 | D:6      | Reached skill level 9 in Maces & Flails
  7455 | D:6      | Found a sand-covered staircase.
  7593 | Ossuary  | Entered an ossuary
  8145 | D:6      | Reached XP level 9. HP: 67/71 MP: 12/12
  8403 | D:6      | Reached * piety under Okawaru
  8533 | D:6      | Reached skill level 10 in Maces & Flails
  8715 | D:6      | Reached skill level 4 in Fighting
  8854 | D:6      | Learned a level 4 spell: Summon Lightning Spire
  9277 | D:7      | Reached skill level 1 in Air Magic
  9455 | D:7      | Noticed Duvessa
  9455 | D:7      | Noticed Dowan
  9520 | D:7      | Found a basalt altar of Yredelemnul.
  9695 | D:7      | Reached skill level 2 in Air Magic
  9871 | D:7      | Found a runed door.
  9875 | D:7      | Noticed Crazy Yiuf
  9885 | D:7      | Killed Crazy Yiuf
  9902 | D:7      | Got a polished mace
  9903 | D:7      | Identified the +8 mace "Orb Guardian's Foe" {flame, *Drain rElec Int+9 Dex-3} (You found it on level 7 of the Dungeon)
  9967 | D:7      | Reached skill level 5 in Fighting
 10061 | D:7      | Noticed Pikel
 10076 | D:7      | Killed Pikel
 10076 | D:7      | Reached skill level 4 in Dodging
 10076 | D:7      | Reached skill level 3 in Air Magic
 10124 | D:7      | Killed Dowan
 10133 | D:7      | Killed Duvessa
 10275 | D:5      | Killed Edmund
 10275 | D:5      | Reached ** piety under Okawaru
 10327 | D:8      | Reached skill level 11 in Maces & Flails
 10340 | D:8      | Reached XP level 10. HP: 71/81 MP: 13/13
 10785 | D:8      | Reached skill level 4 in Air Magic
 10814 | D:8      | Noticed p0werm0de's ghost (novice OpCK)
 10993 | D:8      | Noticed a four-headed hydra
 10995 | D:8      | Noticed a purple ugly thing
 11311 | D:9      | Noticed Maurice
 11378 | D:9      | Killed Maurice
 11378 | D:9      | Reached *** piety under Okawaru
 11428 | D:9      | Learned a level 4 spell: Summon Ice Beast
 11492 | D:9      | Reached skill level 12 in Maces & Flails
 11496 | D:9      | Reached skill level 5 in Air Magic
 11534 | D:9      | Found Avusmilu's Assorted Antiques.
 11542 | D:9      | Bought a coppery potion for 32 gold pieces
 11892 | D:9      | nice!
 11892 | D:9      | transloc spellbok
 11892 | D:9      | *spellbook
 12082 | D:9      | Reached **** piety under Okawaru
 12085 | D:9      | Received a gift from Okawaru
 12139 | D:10     | Entered Level 10 of the Dungeon
 12141 | D:10     | Noticed Josephine
 12158 | D:9      | Reached skill level 1 in Invocations
 12224 | D:10     | Noticed a hill giant
 12240 | D:10     | Killed a hill giant
 12240 | D:10     | Reached skill level 5 in Summonings
 12240 | D:10     | Reached skill level 2 in Invocations
 12284 | D:10     | Noticed Maud
 12285 | D:10     | sdfsgsdrgs
 12295 | D:10     | Killed Maud
 12295 | D:10     | Reached skill level 4 in Invocations
 12295 | D:10     | Reached XP level 11. HP: 86/88 MP: 7/14
 12426 | D:10     | Noticed a hill giant
 12583 | D:10     | Killed a hill giant
 12735 | D:10     | Found a staircase to the Orcish Mines.
 12951 | D:10     | Reached ***** piety under Okawaru
 12975 | D:10     | Reached skill level 5 in Invocations
 12975 | D:10     | Reached skill level 13 in Maces & Flails
 13282 | D:10     | Killed Josephine
 13282 | D:10     | Reached skill level 6 in Invocations
 13413 | D:10     | Reached skill level 7 in Invocations
 13469 | D:10     | Noticed Psyche
 13482 | D:10     | Got a scorched quarterstaff {flame}
 13604 | D:10     | Killed Psyche
 13784 | D:10     | Reached skill level 1 in Ice Magic
 14079 | D:10     | Reached skill level 6 in Fighting
 14217 | D:11     | >shield of the gong
 14217 | D:11     | ohhhh boyyyyyyyyyy
 14234 | D:11     | Noticed a cyan ugly thing
 14245 | D:11     | Reached skill level 2 in Ice Magic
 14253 | D:11     | Killed a cyan ugly thing
 14475 | D:11     | Received a gift from Okawaru
 14621 | D:11     | Noticed a purple ugly thing
 14622 | D:11     | Found a staircase to the Lair.
 14639 | D:11     | Killed a purple ugly thing
 14639 | D:11     | Reached skill level 3 in Ice Magic
 15650 | D:11     | Reached XP level 12. HP: 92/97 MP: 11/17
 16019 | D:12     | Found an opulent altar of Gozag.
 16019 | D:12     | Noticed Erolcha
 16372 | D:12     | Noticed a death knight
 16373 | D:12     | sdfsesef
 16658 | D:12     | Reached skill level 7 in Fighting
 16658 | D:12     | Reached skill level 4 in Ice Magic
 16712 | D:12     | Reached skill level 14 in Maces & Flails
 16954 | D:13     | Noticed Nessos
 17043 | D:13     | Reached ****** piety under Okawaru
 17081 | D:13     | "just dive :^)"
 17225 | D:13     | Noticed a tengu warrior
 17260 | D:13     | Received a gift from Okawaru
 17260 | D:13     | Reached skill level 5 in Dodging
 17272 | D:13     | Killed a tengu warrior
 17272 | D:13     | Reached skill level 8 in Fighting
 17470 | D:13     | Noticed a vault guard
 17472 | D:13     | sdfsefrsefsefesf
 17651 | D:14     | Noticed retryentry's ghost (journeyman DgFi)
 17863 | D:15     | Entered Level 15 of the Dungeon
 17864 | D:15     | D:15
 17993 | D:14     | Reached skill level 5 in Ice Magic
 18111 | D:14     | Reached skill level 9 in Fighting
 18301 | Lair:1   | Entered Level 1 of the Lair of Beasts
 18640 | Lair:1   | Noticed Fannar
 18659 | Lair:1   | Killed Fannar
 18659 | Lair:1   | Reached skill level 6 in Summonings
 18899 | Lair:1   | Noticed a fire dragon
 18904 | Lair:1   | what
 18904 | Lair:1   | just like this?
 18928 | Lair:1   | HP: 10/104 [fire dragon (5)]
 18934 | Lair:1   | Killed a fire dragon
 19480 | Lair:2   | Reached skill level 6 in Dodging
 19560 | Lair:2   | 3x miscast
 19560 | Lair:2   | the chance of this happening is less than 1%
 19560 | Lair:2   | i love playing spellcasters
 19798 | Lair:2   | Noticed an eight-headed hydra
 19810 | Lair:2   | Noticed a seven-headed hydra
 20438 | Lair:3   | Found a staircase to the Shoals.
 20452 | Lair:3   | Reached skill level 10 in Fighting
 21016 | Lair:3   | Noticed a death yak
 21016 | Lair:3   | Noticed a death yak
 21111 | Lair:3   | Reached skill level 2 in Stealth
 21573 | Lair:3   | Reached skill level 7 in Summonings
 21573 | Lair:3   | Reached XP level 13. HP: 113/113 MP: 4/18
 21703 | Lair:3   | Reached skill level 3 in Stealth
 22518 | Lair:4   | Received a gift from Okawaru
 22524 | Lair:4   | why a flail god damn it
 22524 | Lair:4   | give me a morningstar and let's call it a day
 22524 | Lair:4   | or an eveningstar
 22524 | Lair:4   | or a demon whip
 22524 | Lair:4   | it's not hard m8
 22631 | Lair:4   | Found a hole to the Spider Nest.
 23284 | Lair:5   | Reached skill level 5 in Shields
 23592 | Lair:5   | Found a dark tunnel.
 23646 | Volcano  | Entered a volcano
 23931 | Volcano  | Reached skill level 4 in Stealth
 23942 | Volcano  | Found a bloodstained altar of Trog.
 24069 | Lair:5   | Reached skill level 7 in Dodging
 24280 | Lair:5   | Noticed an entropy weaver
 24475 | Lair:5   | Found a runed door.
 24475 | Lair:5   | Found a viscous altar of Jiyva.
 24475 | Lair:5   | Found a staircase to the Slime Pits.
 24475 | Lair:5   | Noticed an azure jelly
 24475 | Lair:5   | Noticed an azure jelly
 24475 | Lair:5   | Noticed an azure jelly
 24475 | Lair:5   | Noticed an azure jelly
 24584 | Lair:5   | Reached skill level 6 in Shields
 24642 | Lair:5   | Noticed an entropy weaver
 24690 | Lair:6   | Entered Level 6 of the Lair of Beasts
 24812 | Lair:6   | 3x miscast with 17%
 24812 | Lair:6   | 0.5% chance
 24831 | Lair:6   | Received a gift from Okawaru
 24834 | Lair:6   | ffs oka
 24834 | Lair:6   | not a fucking flail again
 25136 | Lair:5   | HOW did they wake up
 25136 | Lair:5   | HOW
 25136 | Lair:5   | huh?
 25136 | Lair:5   | fucking. how.
 25136 | Lair:5   | they were all sleeping for fucks sake
 25911 | Lair:6   | Reached skill level 7 in Shields
 25924 | Lair:6   | Reached skill level 6 in Air Magic
 26221 | Lair:5   | Learned a level 4 spell: Passage of Golubria
 26826 | Lair:6   | Reached skill level 6 in Ice Magic
 27475 | Lair:2   | Reached skill level 8 in Shields
 27527 | Lair:2   | Reached skill level 1 in Translocations
 28329 | Lair:3   | Received a gift from Okawaru
 28332 | Lair:3   | and now a MACE?
 28332 | Lair:3   | are you fucking serious you senile dolt
 28332 | Lair:3   | wow, great god
 28332 | Lair:3   | and i bet he'll give me something good in 100 turns after i use my scrolls on an unbranded morningstar
 28332 | Lair:3   | NO YOU FUCKER
 28332 | Lair:3   | i'll wait you out, you son of a bitch
 28392 | Lair:3   | Reached skill level 2 in Translocations
 29399 | Lair:3   | Gained mutation: You have acidic saliva. [Yellow Draconian growth]
 29399 | Lair:3   | Reached XP level 14. HP: 93/121 MP: 19/19
 29497 | Lair:4   | failed 3 times out of 4
 29497 | Lair:4   | "14%"
 29509 | Lair:4   | Reached skill level 8 in Summonings
 29522 | Lair:4   | Reached skill level 9 in Shields
 29960 | Lair:5   | Killed an entropy weaver
 30732 | Lair:6   | Reached skill level 10 in Shields
 31172 | Lair:6   | Received a gift from Okawaru
 31192 | Lair:6   | HP: 8/121 [death yak (20)]
 31218 | Lair:6   | son of a bitch
 31218 | Lair:6   | fucking son of a bitch
 31218 | Lair:6   | i can't believe it
 31218 | Lair:6   | motherfucker
 31218 | Lair:6   | distortion
 31218 | Lair:6   | jesus christ
 31218 | Lair:6   | get down here you bastard so i can sock your right into the fucking abyss
 31218 | Lair:6   | who the fuck gifts distortion
 31218 | Lair:6   | OH BOY I CAN'T WAIT TO BLINK ALL THOSE ELVES AND YAKTAURS AWAY
 31218 | Lair:6   | ok, time to regen and unwield, i guess
 31218 | Lair:6   | and a free trip to abyss because i will not fucking bother with this piece of shit
 32168 | Lair:6   | Reached skill level 11 in Shields
 32184 | Lair:6   | Identified the Compendium of Boosting Transmigration
 32185 | Lair:6   | ozocubu's, finally
 32489 | Orc:1    | Entered Level 1 of the Orcish Mines
 32957 | Orc:2    | Entered Level 2 of the Orcish Mines
 32982 | Orc:2    | Found a staircase to the Elven Halls.
 33473 | Orc:1    | Found Voun's Jewellery Shoppe.
 33795 | Orc:1    | Bought the ring "Gomiun" {rElec rPois MR+ Dex-3 Stlth-} for 375 gold pieces
 33795 | Orc:1    | Bought an uncursed ring of see invisible for 225 gold pieces
 34881 | Orc:2    | Reached skill level 12 in Shields
 35252 | Orc:2    | Found Fieduenn's Gadget Shoppe.
 35252 | Orc:2    | Found Fuhin's Weapon Boutique.
 35373 | Orc:2    | HP: 10/121 [orc priest/divine providence (13)]
 35377 | Orc:2    | Killed from afar by an orc priest

Vault maps used:
D:1:      lightli_arrival_chessboard
D:2:      hangedman_decor_points, uniq_jessica
D:3:      gup_sewer_entry_glass, nrook_mini_vaults, hangedman_feature_mirror
D:4:      kennysheep_kobold_camp, vehumet_altar_wand_db, supply_closet_lemuel
D:5:      first_bread, uniq_edmund
D:6:      nicolae_ossuary_entry_catacombs
D:7:      grunt_livestock, david_defended_altar_elf, uniq_duvessa, uniq_pikel,
          uniq_crazy_yiuf_cottage
D:8:      hangedman_cross_veins
D:9:      serial_shops, nicolae_shop_crystal, uniq_maurice
D:10:     boulder_corridor_run, hiddenorc2_lemuel, special_room, uniq_josephine,
          uniq_maud, uniq_psyche
D:11:     lair_0_dummy
D:12:     basic_altar, st_stairs_11, uniq_kirke, uniq_azrael, uniq_erolcha
D:13:     lightli_vaults_fourway_checkpoint, uniq_nessos, uniq_urug, uniq_snorg
D:14:     minmay_glassy_protrusions, serial_bayou_pond_a,
          portal_ice_cave_entry_pillars_2
D:15:     hangedman_depths_entry_civil_slaughter,
          grunt_dithmenos_smoke_and_mirrors
Temple:   compressed_dpeg_circular_temple
Lair:1:   dragon1_lemuel, uniq_fannar
Lair:2:   grunt_megastairs_3, infiniplex_staircase_pool_2, lemuel_fruit_tree,
          serial_bayou_shore_b
Lair:3:   beast_lair_carwin_large_2, elwin_shoals_entry_stream,
          grunt_forest_small_clearing_treed, grunt_megastairs_4,
          lemuel_fruit_fields, infiniplex_staircase_pool, serial_bayou_shore_a
Lair:4:   nicolae_spider_entry_orb_guardian
Lair:5:   slime_altar_2, nicolae_volcano_entry_two_sided, minmay_another_anthill
Lair:6:   grunt_lair_end_beastmaster, lemuel_old_faithful
Orc:1:    serial_shops, shop
Orc:2:    st_orc_town
Sewer:    sewer_kobolds
Ossuary:  ossuary_tomb_3
Volcano:  volcano_grotto

Skill      XL: |  1  2  3  4  5  6  7  8  9 10 11 12 13 14 |
---------------+-------------------------------------------+-----
Dodging        | 2 3 4 6 7 |  7.3
Fighting       | 2 3 5 6 10 | 10.1
Shields        | 2 4 8 12 | 12.3
Maces & Flails | 3 6 9 11 12 13 14 | 14.0
Air Magic      | 3 5 6 |  6.0
Invocations    | 4 7 |  7.0
Summonings     | 5 7 8 |  8.1
Ice Magic      | 3 5 6 |  6.0
Stealth        | 2 4 |  4.1
Translocations | 2 |  2.7
Spellcasting   | |  2.0

Action                   |  1- 3 |  4- 6 |  7- 9 | 10-12 | 13-15 || total
-------------------------+-------+-------+-------+-------+-------++-------
Melee: Short sword       |    25 |       |       |       |       ||    25
       Unarmed           |     2 |       |       |       |       ||     2
       Tailslap          |     7 |    21 |    70 |   137 |   286 ||   521
       Spear             |    66 |   120 |       |       |       ||   186
       Club              |       |   154 |   477 |       |       ||   631
       Flail             |       |       |   144 |   660 |  1917 ||  2721
       Mace              |       |       |    63 |   520 |       ||   583
       Bite              |       |       |       |       |   108 ||   108
Throw: Tomahawk          |       |       |       |       |     1 ||     1
 Cast: Summon Small Mamm |    16 |     5 |       |       |       ||    21
       Call Imp          |     4 |    10 |     5 |       |       ||    19
       Call Canine Famil |       |     6 |     8 |     6 |       ||    20
       Summon Lightning  |       |       |       |    28 |    42 ||    70
       Summon Ice Beast  |       |       |       |     5 |    16 ||    21
Invok: Heroism           |       |       |       |     9 |    21 ||    30
       Finesse           |       |       |       |     1 |       ||     1
 Abil: Spit Acid         |       |       |     5 |    14 |    24 ||    43
Evoke: Wand              |       |       |     3 |     3 |       ||     6
  Use: Scroll            |       |     4 |    12 |    16 |     8 ||    40
       Potion            |       |       |       |     6 |     2 ||     8
 Stab: Sleeping          |     4 |     2 |     4 |     7 |     7 ||    24
       Distracted        |     2 |     1 |     5 |    11 |    12 ||    31
  Eat: Chunk             |     2 |    11 |    16 |    34 |    45 ||   108
       Pizza             |       |       |     2 |     5 |     2 ||     9
       Bread ration      |       |       |     1 |       |     3 ||     4
       Beef jerky        |       |       |       |     4 |     3 ||     7
       Royal jelly       |       |       |       |     1 |       ||     1
Armor: Skin              |    39 |    51 |   104 |   372 |   376 ||   942
Dodge: Dodged            |    60 |   150 |   276 |   577 |   796 ||  1859
Block: Buckler           |       |    47 |    98 |   194 |   221 ||   560
       Shield            |       |       |       |       |   442 ||   442
